 Dungeon Crawl Stone Soup version 0.21.1-1-g345015f (webtiles) character file.

1339099 NormalPerson7 the Intangible (level 24, 145/145 HPs)
             Began as a Spriggan Earth Elementalist on Mar 10, 2018.
             Was the Champion of Ru.
             Escaped with the Orb
             ... and 3 runes on Mar 17, 2018!
             The game lasted 09:34:04 (104958 turns).

NormalPerson7 the Intangible (SpEE)               Turns: 104958, Time: 09:34:05

Health: 145/145    AC: 16    Str: 10    XL:     24   Next: 81%
Magic:  61/61      EV: 34    Int: 24    God:    Ru [******]
Gold:   198        SH: 14    Dex: 16    Spells: 1/53 levels left

rFire    + + .     SeeInvis +   b - +18 lance "Wyrmbane" {slay drac, rPois rF+ rC+ AC+3}
rCold    + + .     Gourm    .   N - +0 buckler {AC+3}
rNeg     . . .     Faith    .   G - +5 steam dragon scales
rPois    +         Spirit   .   D - +2 hat
rElec    .         Reflect  +   K - +2 cloak {MR+}
rCorr    .         Harm     .   (gloves unavailable)
MR       +++++                  (boots unavailable)
Stlth    ++........             O - amulet of Uwiqod {Reflect rC+ MP+9 SH+6}
HPRegen  0.34/turn              P - ring "Migge" {+Fly rPois MP+9 Str+4}
MPRegen  0.37/turn              F - ring of protection from fire

@: very quick
A: very small, unfitting armour, see invisible, clumsy 1, herbivore, speed 3,
slow metabolism 2, inability to train armour, reduced AC 1, reduced EV 1,
missing an eye
0: Orb of Zot
}: 3/15 runes: decaying, abyssal, gossamer
a: Draw Out Power, Power Leap, Apocalypse, Renounce Religion, Evoke Flight


You escaped.
You worshipped Ru.
Ru was exalted by your worship.
You were not hungry.

You visited 9 branches of the dungeon, and saw 48 of its levels.
You visited the Abyss 2 times.
You visited 1 bazaar.
You also visited: Trove, Sewer, Ossuary, Bailey, Ice Cave and Volcano.

You collected 10316 gold pieces.
You spent 10118 gold pieces at shops.

Inventory:

Hand Weapons
 a - the +7 Spriggan's Knife {MR+ EV+4 Dex+4 Stlth+}
   (You found it on level 15 of the Dungeon)

   It affects your evasion (+4).
   It affects your dexterity (+4).
   It affects your resistance to hostile enchantments.
   It makes you more stealthy.
 b - the +18 lance "Wyrmbane" (weapon) {slay drac, rPois rF+ rC+ AC+3}
   (You bought it in a shop on level 1 of the Elven Halls)

   It affects your AC (+3).
   It protects you from fire.
   It protects you from cold.
   It protects you from poison.
Missiles
 q - 1197 stones
 H - 8 throwing nets (quivered) {!f}
Armour
 D - a +2 hat (worn)
 G - +5 steam dragon scales (worn)
 K - a +2 cloak of magic resistance (worn)
 N - a +0 buckler of protection (worn)
Jewellery
 p - an uncursed amulet of regeneration
 A - an uncursed ring of protection from cold
 C - the ring "Wibioq" {Ice rElec rPois}
   (You bought it in a shop on level 3 of the Elven Halls)

   [ring of ice]

   It enhances your ice magic.
   It makes you vulnerable to fire.
   It protects you from cold.
   It insulates you from electricity.
   It protects you from poison.
 F - a ring of protection from fire (right hand)
 M - an uncursed ring of fire
 O - the amulet of Uwiqod (around neck) {Reflect rC+ MP+9 SH+6}
   (You bought it in a shop on level 13 of the Dungeon)

   [amulet of reflection]

   It shields you and reflects attacks.
   It protects you from cold.
   It affects your magic capacity (+9).
   It affects your SH (+6).
 P - the ring "Migge" (left hand) {+Fly rPois MP+9 Str+4}
   (You took it off a deep elf archer on level 1 of the Elven Halls)

   [ring of magical power]

   It affects your strength (+4).
   It protects you from poison.
   It affects your magic capacity (+9).
   It lets you fly.
 X - an uncursed ring of wizardry
Wands
 j - a wand of paralysis (35)
 v - a wand of iceblast (40)
 I - a wand of acid (15)
 L - a wand of clouds (4)
 T - a wand of digging (38)
Scrolls
 i - 13 scrolls of identify
 n - a scroll of holy word
 r - 26 scrolls of remove curse
 s - a scroll of summoning {!r}
 t - 22 scrolls of teleportation
 w - 3 scrolls of vulnerability {!r}
 x - 4 scrolls of blinking
 y - 2 scrolls of amnesia
 z - 6 scrolls of immolation
 B - 4 scrolls of fear
 S - 5 scrolls of silence {!r}
 U - 3 scrolls of fog
Potions
 c - 13 potions of curing
 d - 6 potions of brilliance
 f - 4 potions of haste
 g - 9 potions of lignification {!q}
 h - 8 potions of heal wounds
 k - 9 potions of might
 l - 7 potions of cancellation
 m - 6 potions of berserk rage
 o - 4 potions of invisibility
 u - 3 potions of magic
 J - 3 potions of agility
 Q - 7 potions of mutation {!q}
 V - 2 potions of flight
 Y - 2 potions of ambrosia
 Z - a potion of resistance
Miscellaneous
 E - a lightning rod (4/4)
 R - a lamp of fire
Comestibles
 e - 6 rations


   Skills:
 * Level 21.1 Fighting
 - Level 10.0 Short Blades
 - Level 12.0 Polearms
 O Level 27 Dodging
 - Level 15.0 Stealth
 - Level 7.2 Shields
 - Level 15.0 Spellcasting
 - Level 13.0 Hexes
 - Level 6.0 Charms
 - Level 11.0 Summonings
 - Level 3.0 Necromancy
 - Level 4.0 Translocations
 - Level 7.0 Transmutations
 - Level 10.0 Earth Magic
 - Level 11.0 Evocations


You had one spell level left.
You knew the following spells:

 Your Spells              Type           Power        Failure   Level  Hunger
a - Sandblast             Erth           ######       1%          1    None
b - Summon Butterflies    Summ           ######..     1%          1    None
c - Shadow Creatures      Summ           N/A          5%          6    ####...
d - Lee's Rapid Deconstr  Erth           ######....   1%          5    ##.....
f - Summon Forest         Summ/Tloc      ######....   4%          5    ##.....
p - Apportation           Tloc           #####.       1%          1    None
r - Regeneration          Chrm/Necr      #####.....   1%          3    None
s - Spectral Weapon       Hex/Chrm       ######..     1%          3    None
t - Petrify               Tmut/Erth      ######..     1%          4    None
v - Summon Mana Viper     Hex/Summ       ######..     1%          5    ##.....
y - Yara's Violent Unrav  Hex/Tmut       ######....   1%          5    ##.....
I - Invisibility          Hex            ######..     2%          6    ####...
L - Passwall              Tmut/Erth      ######....   1%          2    None
S - Silence               Hex/Air        #####.....   6%          5    ##.....


Dungeon Overview and Level Annotations

Branches:
Dungeon (15/15)            Temple (0/1) D:7            Lair (6/6) D:8
  Swamp (4/4) Lair:2       Spider (4/4) Lair:3        Slime (0/5) Lair:5
    Orc (2/2) D:9             Elf (3/3) Orc:2        Vaults (4/5) D:14
  Crypt (0/3) Vaults:3     Depths (5/5) D:15            Zot (5/5) Depths:5

Altars:
Ashenzari
Dithmenos
Fedhas
Hepliaklqana
Kikubaaqudgha
Makhleb
Okawaru
Ru
Trog
Uskayaw
Xom
Yredelemnul
The Shining One
Jiyva
Lugonu

Shops:
D:5 }   D:12 [   D:13 =   Orc:2 *::[   Elf:1 (   Elf:3 ==}*   Vaults:3 *

Portals:
Hell: Depths:1 Depths:3 Depths:4 Depths:5
Abyss: Depths:4
Pandemonium: Depths:1 Depths:2 Depths:3 Depths:4
Ziggurat: Depths:2

Annotations:
D:5 exclusion: orc priest, Blork the orc, Dowan, Menkaure
Spider:2 Frances
Orc:2 2 runed doors, exclusion: orange crystal statue
Elf:2 3 runed doors
Vaults:2 Ratty's ghost, adept CeBe
Vaults:3 Jory
Vaults:4 Sojobo; Xtahua
Depths:2 1 exclusion
Depths:3 2 runed doors
Depths:4 1 transporter
Zot:4 exclusion: 2 upstairs


Innate Abilities, Weirdness & Mutations

You are very small and have problems with some larger weapons.
You are too small for most types of armour.
You have supernaturally acute eyesight. (SInv)
You are clumsy. (Dex -2)
You are a herbivore.
You cover ground extremely quickly.
You need consume almost no food.
You cannot train Armour skill.
You take slightly more damage. (AC -5)
You have somewhat slow reflexes. (EV -5)
You are missing an eye, making it more difficult to aim.


Message History

No target in view!
(D) Dungeon (T) Temple (L) Lair (S) Swamp (N) Spider Nest (M) Slime Pits (O) Orcish Mines (E) Elven Halls (V) Vaults (C) Crypt (U) Depths (H) Hell (Z) Zot
Where to? (Enter - D:1 @ (x,y), ? - help)
There is a stone staircase leading up, spattered with blood here.
You climb upwards.
There is a stone staircase leading down here.
Things that are here:
a robe; a dagger
There is a dry fountain here.
There is a stone staircase leading up here.
There is a stone staircase leading up here.
You climb upwards.
There is a stone staircase leading down here.
You enter the shallow water.
Moving in this stuff is going to be slow.
There is a staircase leading out of the dungeon here.
You have escaped!

#≈≈≈≈≈≈≈≈≈≈≈# #.######
#≈≈≈≈≈.≈≈≈≈≈# #.......
#≈≈≈≈....≈≈≈# ##......
#≈≈≈......≈≈# #......
#≈≈......≈≈≈# #......
#≈≈...≈...≈≈# #######
#≈≈..≈≈≈..≈≈# #....
#≈≈.≈≈≈≈..≈≈########..##
#≈..≈≈≈@≈..≈#......#..##
#≈.≈≈.≈≈≈..≈#...........
#....≈≈≈≈..##...........
#.≈≈≈≈≈≈≈≈..#...........
#.≈≈.≈≈≈.≈..#.###.#.....
#.≈≈≈.≈..≈..#>..........
#...≈.≈.≈≈..#.########.#
#..≈.≈.≈≈...#.#.........
##......≈.....#.........


There were no monsters in sight!

Vanquished Creatures
  2 orbs of fire (Zot:2)
  2 ancient liches (Zot:5)
  Bai Suzhen (Spider:3)
  A curse toe (Zot:4)
  4 Killer Klowns (Zot:5)
  Nikola (Elf:1)
  4 golden dragons
  4 bone dragons
  Arachne (Spider:4)
  3 electric golems
  A lich (Depths:2)
  6 tentacled monstrosities
  4 quicksilver dragons
  16 Orb Guardians
  A deep elf blademaster (Elf:3)
  A deep elf master archer (Elf:3)
  2 tentacled starspawn
  2 thorn hunters
  7 death cobs
  2 sphinxes
  Kirke (Elf:1)
  3 tengu reavers
  2 shadow dragons
  13 storm dragons
  Donald (Vaults:2)
  5 draconian monks
  2 frost giants
  An iron dragon (Vaults:3)
  4 draconian scorchers
  2 emperor scorpions
  5 deep elf sorcerers (Elf:3)
  8 draconian knights
  A cacodemon (Depths:4)
  5 ghost moths
  7 ironheart preservers
  9 vault wardens
  Aizul (Elf:1)
  3 draconian shifters
  An angel (Abyss:4)
  7 fire giants
  3 deep elf elementalists (Elf:3)
  3 draconian stormcallers
  4 draconian annihilators
  2 ophanim (Abyss:4)
  20 very ugly things
  Nessos (D:14)
  12 stone giants
  8 green draconians
  4 deep elf demonologists
  A vampire knight (Vaults:3)
  5 black draconians
  11 purple draconians
  15 yellow draconians
  5 deep elf annihilators
  6 red draconians
  7 white draconians
  12 spark wasps
  6 ettins
  10 fire dragons
  A green death (Abyss:1)
  5 deep elf death magi (Elf:3)
  13 yaktaur captains
  3 great orbs of eyes
  2 jiangshi (Depths:1)
  The ghost of wojtek the Protected, a journeyman MiBe of Trog (Lair:1)
  Fannar (D:12)
  4 deep elf high priests (Elf:3)
  8 ice dragons
  7 vault guards
  Erolcha (D:12)
  5 rakshasas
  Harold (Lair:2)
  3 spriggan air magi
  13 hydras
  A monstrous demonspawn (Depths:4)
  4 centaur warriors
  2 ghost crabs
  A hydra (shapeshifter) (Depths:2)
  A merfolk avatar (Lair:6)
  Erica (D:10)
  3 alligators
  A death knight (D:13)
  45 two-headed ogres
  9 dancing weapons
  4 death yaks
  10 deep troll shamans
  A vampire mage (Depths:2)
  9 ogre magi
  7 deep troll earth magi
  3 tengu warriors
  4 thrashing horrors (Abyss:3)
  3 orc high priests (Orc:2)
  8 deep elf knights
  A sun demon (Abyss:4)
  2 spriggan berserkers
  6 wretched stars
  A soul eater (Abyss:3)
  A sea snake (Lair:6)
  A salamander mystic (Depths:3)
  A shadow wraith (Vaults:3)
  An iron troll (Depths:2)
  2 death drakes (shapeshifter)
  2 cherubim (Abyss:4)
  8 unseen horrors
  7 glowing orange brains
  2 wizards
  A flayed ghost (Depths:5)
  5 swamp dragons
  33 deep trolls
  A lindwurm (Lair:6)
  Pikel (D:7)
  10 deep elf archers
  2 shambling mangroves (Swamp:3)
  10 orc knights
  A phantasmal warrior (D:14)
  4 ironbrand convokers
  2 necromancers
  An orb spider (shapeshifter) (Vaults:3)
  51 deep elf magi
  3 manticores
  A stone giant zombie (Abyss:2)
  53 ugly things
  24 wolf spiders
  20 orb spiders
  10 orc sorcerers
  5 salamanders
  4 cyclopes
  25 moths of wrath
  A naga mage (D:15)
  17 elephants
  6 smoke demons
  3 rust devils
  An eye of devastation (shapeshifter) (Depths:1)
  A black mamba (Lair:5)
  13 vault sentinels
  An ice statue (IceCv)
  14 spiny frogs
  2 gargoyles
  5 rime drakes
  2 torpor snails (Spider:4)
  11 demonic crawlers
  64 yaktaurs
  11 komodo dragons
  4 kobold demonologists
  An ice devil (Depths:4)
  An efreet (D:14)
  A silent spectre (Abyss:4)
  4 ancient zymes
  2 red devils
  2 trolls (shapeshifter)
  A jumping spider (shapeshifter) (D:14)
  20 freezing wraiths
  2 trolls
  4 tengu conjurers
  3 meliai
  A merfolk (D:8)
  27 jumping spiders
  7 tyrant leeches
  49 slime creatures
  A shadow dragon simulacrum (Abyss:3)
  4 bog bodies
  5 dream sheep (Lair:6)
  13 polar bears
  A raiju (shapeshifter) (D:14)
  20 hornets
  A raiju (Abyss:3)
  10 hippogriffs
  7 blink frogs
  6 air elementals
  A tarantella (shapeshifter) (Depths:5)
  11 water elementals
  44 redbacks
  4 spriggans
  4 large abominations
  5 wyverns
  3 shadows
  21 tarantellas
  3 vampires (Vaults:3)
  32 yaks
  2 fire elementals
  5 hogs
  A neqoxec (Abyss:4)
  3 basilisks
  Grum (D:10)
  24 vampire mosquitoes
  2 swamp worm simulacra (Swamp:4)
  A steam dragon (D:13)
  2 yaktaur simulacra
  12 insubstantial wisps
  2 acid dragons
  4 wargs
  A soldier ant (D:12)
  17 swamp worms
  13 hydra simulacra (Swamp:4)
  A porcupine (shapeshifter) (D:14)
  A floating eye (Depths:2)
  3 hell hounds (Volcano)
  13 water moccasins
  30 orc warriors
  8 porcupines
  10 black bears (D:8)
  4 swamp drakes
  Purgy (Sewer)
  3 ice beasts
  A sky beast (shapeshifter) (Vaults:4)
  3 phantoms
  3 sky beasts
  2 slaves (D:7)
  A snapping turtle zombie (Abyss:1)
  A necrophage (D:12)
  21 ogres
  19 wolves
  23 centaurs
  2 boggarts (Vaults:3)
  12 big kobolds
  17 crocodiles
  9 small abominations
  13 bullfrogs
  5 gnoll sergeants
  An earth elemental (Elf:3)
  A scorpion (shapeshifter) (D:14)
  A wyvern skeleton (D:11)
  5 scorpions
  A human simulacrum (Vaults:3)
  15 electric eels
  5 howler monkeys
  4 killer bees
  3 wights (D:9)
  5 crimson imps
  7 centaur zombies
  2 bullfrog zombies
  2 quasits
  A bullfrog skeleton (D:8)
  4 jellies
  8 centaur skeletons
  2 hounds
  A human zombie (Ossuary)
  15 orc priests
  4 gnoll shamans (D:8)
  4 iguanas
  32 orc wizards
  9 worker ants
  A killer bee zombie (D:8)
  3 big kobold zombies (Ossuary)
  2 hound skeletons
  2 mummies (Ossuary)
  12 gnolls
  A howler monkey skeleton (D:9)
  20 adders
  2 shadow imps
  2 white imps
  An ooze (D:1)
  2 ufetubi
  6 swamp drake simulacra (Swamp:4)
  2 adder zombies (D:7)
  2 adder skeletons
  13 worms
  2 dart slugs
  A leopard gecko (D:1)
  An orc (shapeshifter) (Depths:3)
  85 orcs
  2 ball pythons
  9 bats
  6 giant cockroaches
  8 goblins
  10 hobgoblins
  21 jackals
  30 kobolds
  7 quokkas
  A bat (shapeshifter) (Depths:2)
  8 frilled lizards
  A goblin zombie (Ossuary)
  A kobold zombie (Ossuary)
  A leopard gecko skeleton (D:9)
  A quokka skeleton (D:4)
  13 rats
  2 rat zombies (D:4)
  3 bushes (Lair:3)
  2 fungi (Lair:3)
  A plant (Lair:5)
  A spectral weapon (Elf:1)
  3 starspawn tentacles
1964 creatures vanquished.

Vanquished Creatures (collateral kills)
  An orb of fire (Zot:5)
  Mara (Depths:3)
  A juggernaut (Depths:4)
  A Killer Klown (Zot:5)
  A tentacled monstrosity (Zot:2)
  4 Orb Guardians (Zot:5)
  3 shadow dragons
  2 storm dragons
  2 draconian scorchers (Zot:1)
  A draconian knight (Zot:1)
  An iron dragon (Depths:4)
  A fire giant (Depths:2)
  A draconian shifter (Zot:1)
  3 very ugly things (Depths:3)
  2 spriggan defenders (Depths:5)
  A green draconian (Zot:1)
  A purple draconian (Zot:1)
  A white draconian (Zot:4)
  A dire elephant (Lair:6)
  A rakshasa (Depths:3)
  2 spriggan berserkers
  An ugly thing (Depths:3)
  A moth of wrath (Zot:1)
  A yaktaur (Depths:2)
  A small abomination (Abyss:4)
  A lurking horror (Abyss:4)
37 creatures vanquished.

Vanquished Creatures (others)
  A golden dragon (Depths:5)
  An Orb Guardian (Zot:5)
  A deep elf sorcerer (Elf:3)
  A stone giant (Depths:5)
  A purple draconian (Zot:1)
  An ogre mage (Vaults:2)
  A dancing weapon (Elf:1)
  An alligator (Swamp:4)
  A deep elf knight (Vaults:1)
  A wretched star (Abyss:1)
  A glowing orange brain (Abyss:4)
  A swamp dragon (Swamp:4)
  A deep elf mage (Elf:3)
  2 ugly things
  A centaur zombie (D:13)
  8 yaktaurs
  A demonic crawler (Spider:3)
  A tengu conjurer (Depths:1)
  2 polar bears (IceCv)
  3 slime creatures
  A hippogriff (D:10)
  A shadow (Swamp:3)
  3 yaks (IceCv)
  2 vampire mosquitoes
  An orc warrior (Orc:2)
  5 wolves (IceCv)
  A bullfrog (Lair:2)
  A wyvern skeleton (D:10)
  An iguana (D:11)
  An orc wizard (Orc:2)
  A worker ant (D:14)
  A gnoll (D:9)
  6 orcs
  2 bushes
  20 fungi
  76 plants
  25 spectral weapons
  14 starspawn tentacles
193 creatures vanquished.

Grand Total: 2194 creatures vanquished

Notes
Turn   | Place    | Note
-------+----------+-------------------------------------------
     0 | D:1      | NormalPerson7 the Spriggan Earth Elementalist began the quest for the Orb.
     0 | D:1      | Reached XP level 1. HP: 9/9 MP: 5/5
   221 | D:1      | Reached XP level 2. HP: 13/13 MP: 6/6
   492 | D:1      | Learned a level 2 spell: Passwall
   845 | D:1      | Reached XP level 3. HP: 15/16 MP: 5/8
  1593 | D:1      | Learned a level 3 spell: Stone Arrow
  2593 | D:2      | Reached XP level 4. HP: 21/21 MP: 6/10
  2965 | D:2      | Reached skill level 4 in Dodging
  3595 | D:3      | HP: 1/21 [poisoned by a kobold]
  4022 | D:3      | Reached XP level 5. HP: 24/24 MP: 4/11
  4961 | D:2      | Reached skill level 5 in Stealth
  5397 | D:2      | Reached XP level 6. HP: 19/28 MP: 3/13
  5712 | D:2      | Reached skill level 5 in Dodging
  6896 | D:3      | Found a blossoming altar of Fedhas.
  7230 | D:3      | Found a hide-covered altar of Uskayaw.
  7421 | D:3      | Reached skill level 5 in Earth Magic
  7434 | D:3      | Learned a level 4 spell: Petrify
  7513 | D:4      | Found a sand-covered staircase.
  7538 | Ossuary  | Entered an ossuary
  7563 | Ossuary  | Reached XP level 7. HP: 32/32 MP: 5/15
  8464 | Ossuary  | Reached skill level 5 in Spellcasting
  8755 | Ossuary  | Reached skill level 6 in Dodging
  9028 | D:4      | Reached XP level 8. HP: 36/36 MP: 6/16
  9487 | D:5      | Entered Level 5 of the Dungeon
  9534 | D:5      | Found Tyqeusuw's Gadget Shop.
  9534 | D:5      | Noticed Menkaure
  9534 | D:5      | Noticed Dowan
  9785 | D:5      | Reached skill level 5 in Transmutations
  9838 | D:5      | Noticed Blork the orc
  9955 | D:6      | Found a glowing drain.
 10533 | D:6      | Reached skill level 7 in Dodging
 10645 | D:6      | Found a bloodstained altar of Trog.
 10869 | Sewer    | Entered a sewer
 10926 | Sewer    | Noticed Purgy
 10945 | Sewer    | Killed Purgy
 11097 | D:6      | Found a sacrificial altar of Ru.
 11121 | D:6      | Became a worshipper of Ru the Awakened
 11384 | D:7      | Reached XP level 9. HP: 39/39 MP: 19/19
 11401 | D:7      | Found a staircase to the Ecumenical Temple.
 11720 | D:7      | Reached skill level 8 in Dodging
 12433 | D:8      | Found a staircase to the Lair.
 12724 | D:8      | Gained mutation: You cannot train Armour skill. [Ru sacrifice]
 12724 | D:8      | Reached * piety under Ru
 12842 | D:7      | Reached skill level 1 in Fighting
 12842 | D:7      | Reached skill level 9 in Dodging
 12950 | D:7      | Reached skill level 10 in Stealth
 13088 | D:8      | Reached XP level 10. HP: 46/46 MP: 21/21
 13289 | D:8      | Reached skill level 10 in Dodging
 13405 | D:8      | Reached skill level 1 in Evocations
 13665 | D:8      | Noticed Pikel
 13781 | D:7      | Killed Pikel
 13923 | D:8      | Noticed a two-headed ogre
 14034 | D:8      | Reached skill level 11 in Dodging
 14045 | D:8      | Killed a two-headed ogre
 14108 | D:8      | Reached skill level 5 in Evocations
 14116 | D:8      | Noticed a two-headed ogre
 14126 | D:8      | Killed a two-headed ogre
 14138 | D:8      | Found a basalt altar of Yredelemnul.
 14357 | D:8      | Noticed a two-headed ogre
 14374 | D:8      | Killed a two-headed ogre
 14374 | D:8      | Reached skill level 12 in Dodging
 14374 | D:8      | Reached XP level 11. HP: 54/54 MP: 18/22
 14383 | D:8      | Reached skill level 1 in Shields
 14431 | D:8      | Reached skill level 5 in Fighting
 14912 | D:8      | Noticed a two-headed ogre
 14948 | D:8      | Killed a two-headed ogre
 15352 | D:8      | Gained mutation: You have somewhat slow reflexes. (EV -5) [Ru sacrifice]
 15352 | D:8      | Reached ** piety under Ru
 15352 | D:8      | Reached *** piety under Ru
 15421 | D:9      | Noticed a brown ugly thing
 15439 | D:9      | Killed a brown ugly thing
 15571 | D:9      | Found a staircase to the Orcish Mines.
 15696 | D:9      | Found a glowing golden altar of the Shining One.
 15723 | D:9      | Found an ancient bone altar of Kikubaaqudgha.
 16425 | D:9      | Found a shimmering altar of Xom.
 16457 | D:9      | Found a burning altar of Makhleb.
 16515 | D:9      | Found an iron altar of Okawaru.
 16596 | D:9      | Found a hazy altar of Hepliaklqana.
 16662 | D:10     | Entered Level 10 of the Dungeon
 16710 | D:10     | Noticed Grum
 16840 | D:10     | Killed Grum
 16840 | D:10     | Reached skill level 13 in Dodging
 16951 | D:10     | Noticed a two-headed ogre
 16964 | D:10     | Killed a two-headed ogre
 17293 | D:10     | Noticed Erica
 17317 | D:10     | Killed Erica
 17317 | D:10     | Reached skill level 5 in Shields
 17965 | D:10     | Learned a level 5 spell: Lee's Rapid Deconstruction
 18019 | Lair:1   | Entered Level 1 of the Lair of Beasts
 18019 | Lair:1   | Noticed wojtek's ghost (journeyman MiBe)
 18022 | D:8      | Gained mutation: You are missing an eye, making it more difficult to aim. [Ru sacrifice]
 18022 | D:8      | Reached **** piety under Ru
 18048 | Lair:1   | Reached XP level 12. HP: 62/62 MP: 15/23
 18100 | Lair:1   | Identified the +6 rapier of Reinforcement {freeze, +Inv Int+3} (You found it on level 1 of the Lair of Beasts)
 18452 | Lair:2   | Reached skill level 1 in Short Blades
 18626 | Lair:2   | Noticed Harold
 18690 | Lair:2   | Killed Harold
 18810 | Lair:2   | Found a staircase to the Swamp.
 18881 | Lair:2   | Noticed a four-headed hydra
 18907 | Lair:2   | Killed a four-headed hydra
 19539 | Lair:3   | Noticed an eight-headed hydra
 19779 | Lair:3   | Found a hole to the Spider Nest.
 19892 | Lair:3   | Reached skill level 14 in Dodging
 20031 | Lair:3   | Killed an eight-headed hydra
 20873 | Lair:4   | Noticed a catoblepas
 21187 | Lair:4   | Noticed a seven-headed hydra
 21270 | Lair:4   | Noticed a six-headed hydra
 21415 | Lair:4   | Killed a six-headed hydra
 21578 | Lair:4   | Killed a seven-headed hydra
 21579 | Lair:4   | Reached XP level 13. HP: 67/67 MP: 6/24
 22924 | Lair:5   | Found a frozen archway.
 22935 | IceCv    | Entered an ice cave
 22953 | IceCv    | Reached skill level 5 in Short Blades
 23623 | IceCv    | Reached skill level 15 in Dodging
 23816 | IceCv    | Noticed a frost giant
 24804 | IceCv    | Killed a frost giant
 24821 | IceCv    | Found the +5 demon whip "Spellbinder" {antimagic, MR+}
 25391 | Lair:5   | Found a staircase to the Slime Pits.
 25397 | Lair:5   | Found a viscous altar of Jiyva.
 25888 | Lair:5   | Reached skill level 10 in Earth Magic
 26406 | Lair:6   | Entered Level 6 of the Lair of Beasts
 26688 | Lair:6   | Reached skill level 16 in Dodging
 26895 | Lair:6   | Found a dark tunnel.
 26904 | Volcano  | Entered a volcano
 27399 | Lair:6   | Noticed a dire elephant
 27449 | Lair:6   | Reached XP level 14. HP: 75/75 MP: 27/27
 28483 | Lair:5   | Gained mutation: You take slightly more damage. (AC -5) [Ru sacrifice]
 28483 | Lair:5   | Reached ***** piety under Ru
 29781 | Lair:6   | Reached skill level 17 in Dodging
 29956 | Lair:6   | Got a fine robe
 29967 | Lair:6   | Identified the +0 robe "Gayvinn" {Int+2 Slay+2} (You found it on level 6 of the Lair of Beasts)
 31217 | D:11     | Got a glittering ivory ring
 31311 | Orc:1    | Entered Level 1 of the Orcish Mines
 31566 | Orc:2    | Entered Level 2 of the Orcish Mines
 31566 | Orc:2    | Found a staircase to the Elven Halls.
 31585 | Orc:1    | Gained mutation: You are clumsy. (Dex -2) [Ru sacrifice]
 31585 | Orc:1    | Reached ****** piety under Ru
 31898 | Orc:2    | Found a runed door.
 31902 | Orc:2    | Found the +10 large shield of Ignorance {rN+ Int-4}
 32098 | Orc:2    | Identified the ring "Reidoah" {+Fly rN+ Dex+2 Slay-4 Stlth+} (You took it off a centaur on level 11 of the Dungeon)
 32532 | Orc:2    | Reached skill level 10 in Fighting
 32622 | Orc:1    | Found a shimmering altar of Xom.
 32915 | Orc:2    | Found a runed door.
 33867 | Orc:2    | Found Zuumed's Armour Shop.
 33867 | Orc:2    | Found Baurat's General Store.
 33872 | Orc:2    | Found Xaheulu's Book Shop.
 33872 | Orc:2    | Found Ustoih Liph's Book Emporium.
 33895 | Orc:2    | Bought a book of Party Tricks for 800 gold pieces
 33902 | Orc:2    | Learned a level 6 spell: Invisibility
 34035 | D:12     | Noticed Erolcha
 34050 | D:12     | Killed Erolcha
 34050 | D:12     | Reached skill level 1 in Hexes
 34278 | D:12     | Noticed Fannar
 34373 | D:12     | Found Vecil's Antique Armour Boutique.
 34382 | D:12     | Bought a hat for 72 gold pieces
 34409 | D:12     | Reached skill level 18 in Dodging
 34830 | D:12     | Found a shadowy altar of Dithmenos.
 35257 | D:12     | Killed Fannar
 35413 | D:13     | Identified 2 scrolls of acquirement
 35441 | D:13     | Got a translucent buckler
 35452 | D:13     | Identified the -7 buckler of Guluhics {MR+ Str+4 Dex+4 Slay+2} (You acquired it on level 13 of the Dungeon)
 35482 | D:13     | Found Worrom's Jewellery Shop.
 35555 | D:13     | Reached skill level 5 in Hexes
 35555 | D:13     | Reached XP level 15. HP: 55/80 MP: 16/28
 36928 | D:14     | Found a flagged portal.
 36943 | Bailey   | Entered a bailey
 38476 | D:14     | Noticed Nessos
 38750 | D:14     | Killed Nessos
 38909 | D:14     | Found a portal to a secret trove of treasure.
 38939 | D:14     | Found a gate to the Vaults.
 38971 | D:14     | Reached skill level 10 in Hexes
 39193 | D:15     | Entered Level 15 of the Dungeon
 39359 | D:15     | Found the +7 Spriggan's Knife {MR+ EV+4 Dex+4 Stlth+}
 41235 | Elf:1    | Entered Level 1 of the Elven Halls
 41386 | Elf:1    | Found Netu Ada's Antique Weapon Shop.
 41682 | Elf:1    | Reached XP level 16. HP: 85/85 MP: 29/29
 41896 | D:13     | Bought a cursed ring of poison resistance for 323 gold pieces
 42082 | Swamp:1  | Entered Level 1 of the Swamp
 43129 | Swamp:1  | Reached skill level 19 in Dodging
 44252 | Swamp:2  | Noticed a thorn hunter
 44260 | Swamp:2  | Killed a thorn hunter
 44330 | Swamp:2  | Learned a level 5 spell: Yara's Violent Unravelling
 44875 | Swamp:2  | Reached skill level 10 in Spellcasting
 45059 | Spider:1 | Entered Level 1 of the Spider Nest
 47079 | Swamp:3  | Paralysed by a hornet for 1 turns
 50037 | Spider:1 | Reached skill level 20 in Dodging
 50194 | Spider:2 | Noticed Frances
 50730 | Spider:3 | Noticed Bai Suzhen
 52592 | Spider:3 | Killed Bai Suzhen
 52669 | Spider:3 | Reached XP level 17. HP: 90/90 MP: 29/33
 52977 | Spider:4 | Entered Level 4 of the Spider Nest
 54132 | Spider:4 | Reached skill level 10 in Short Blades
 54413 | Spider:4 | Noticed Arachne
 54948 | Swamp:4  | Entered Level 4 of the Swamp
 56575 | Swamp:4  | Reached skill level 15 in Stealth
 57572 | Swamp:4  | Got a decaying rune of Zot
 57695 | Swamp:3  | Learned a level 5 spell: Silence
 57932 | Elf:1    | Bought the +8 lance "Wyrmbane" {slay drac, rPois rF+ rC+ AC+3} for 3312 gold pieces
 57932 | Elf:1    | Found the +8 lance "Wyrmbane" {slay drac, rPois rF+ rC+ AC+3}
 57938 | Elf:1    | Learned a level 3 spell: Regeneration
 58011 | Orc:2    | Bought a manual of Polearms for 1656 gold pieces
 58154 | Elf:1    | Noticed Kirke
 58395 | Elf:1    | Reached skill level 1 in Polearms
 58420 | Elf:1    | Identified the ring "Migge" {+Fly rPois MP+9 Str+4} (You took it off a deep elf archer on level 1 of the Elven Halls)
 58577 | Elf:1    | Noticed Aizul
 58583 | Elf:1    | Killed Aizul
 58837 | Elf:1    | Noticed Nikola
 59336 | Elf:1    | Killed Kirke
 60375 | Elf:2    | Found a runed gate.
 60375 | Elf:2    | Found a runed gate.
 60375 | Elf:2    | Found a runed gate.
 60475 | Elf:1    | Learned a level 3 spell: Spectral Weapon
 60649 | Vaults:1 | Entered Level 1 of the Vaults
 61096 | Vaults:1 | Reached XP level 18. HP: 95/98 MP: 23/36
 61791 | Vaults:1 | Reached skill level 5 in Polearms
 62039 | Vaults:1 | Reached skill level 10 in Evocations
 63960 | Vaults:2 | Noticed Ratty's ghost (adept CeBe)
 64986 | Vaults:2 | Noticed Donald
 67059 | Vaults:2 | Killed Donald
 67240 | Vaults:3 | Found Weasuam's Assorted Antiques.
 67558 | Vaults:3 | Reached XP level 19. HP: 105/105 MP: 37/37
 67863 | Vaults:3 | Reached skill level 10 in Polearms
 68058 | Vaults:3 | Noticed Jory
 69798 | Vaults:3 | Found a staircase to the Crypt.
 70887 | Vaults:4 | Identified the Compendium of Lightness and the Escort
 71156 | Vaults:4 | Noticed Xtahua
 71317 | Vaults:4 | Noticed Sojobo
 71818 | Elf:1    | Killed Nikola
 71972 | Elf:3    | Entered Level 3 of the Elven Halls
 71981 | Elf:3    | Learned a level 6 spell: Shadow Creatures
 71995 | Elf:3    | Found Dazyvul's Jewellery Shoppe.
 71997 | Elf:3    | Found Toetawnok's Gadget Shop.
 71998 | Elf:3    | Found Koaroih's Jewellery Shoppe.
 72218 | Elf:3    | Found Zeq Navodomo's Assorted Antiques.
 72358 | Elf:3    | Reached skill level 1 in Summonings
 73071 | Elf:3    | Reached XP level 20. HP: 112/112 MP: 38/38
 74348 | Elf:3    | Reached skill level 15 in Fighting
 74490 | Elf:3    | Identified Irah's Tome of Displaced Bewitchment
 74492 | Elf:3    | Identified Sif Muna's Guide on Ashen Malediction
 74497 | Elf:3    | Identified Qeytam's Tome of Nocuous Good Luck
 75288 | Lair:1   | Killed wojtek's ghost
 75679 | Spider:4 | Reached skill level 5 in Summonings
 76748 | Spider:4 | Got a gossamer rune of Zot
 76784 | Spider:4 | Killed Arachne
 77118 | D:15     | Found a staircase to the Depths.
 77123 | Depths:1 | Entered Level 1 of the Depths
 77664 | Depths:1 | Found a one-way gate leading to the halls of Pandemonium.
 77844 | Depths:1 | Found an ancient bone altar of Kikubaaqudgha.
 78162 | Depths:1 | Reached skill level 21 in Dodging
 78817 | Depths:1 | Found a gateway to Hell.
 78911 | Depths:2 | Found a gateway to a ziggurat.
 79714 | Depths:2 | Found a glowing golden altar of the Shining One.
 79832 | Depths:2 | Reached XP level 21. HP: 118/118 MP: 23/40
 80189 | Depths:2 | Learned a level 5 spell: Summon Mana Viper
 80903 | Depths:2 | Reached skill level 22 in Dodging
 81257 | Depths:3 | Found a flickering gateway to a bazaar.
 81327 | Depths:3 | Noticed a juggernaut
 81403 | Depths:3 | Noticed Mara
 81508 | Bazaar   | Entered a bazaar
 81508 | Bazaar   | Found Kiutset's Gadget Shop.
 81508 | Bazaar   | Found Lucoluet's Magic Scroll Shop.
 81530 | Bazaar   | Found Hoczaf's Antique Armour Emporium.
 81545 | Bazaar   | Found Ivvaff's Antique Weapon Boutique.
 81568 | Bazaar   | Found Quuhuega's General Store.
 81578 | Bazaar   | Bought a ration for 80 gold pieces
 81578 | Bazaar   | Bought a ration for 80 gold pieces
 81595 | Bazaar   | Bought a glowing hat for 147 gold pieces
 81607 | Bazaar   | Bought an embroidered hat for 147 gold pieces
 81642 | Bazaar   | Bought a glowing buckler for 157 gold pieces
 81685 | Bazaar   | Bought a scroll of blinking for 112 gold pieces
 81685 | Bazaar   | Bought a scroll of enchant armour for 112 gold pieces
 81685 | Bazaar   | Bought a scroll of enchant armour for 112 gold pieces
 81882 | Depths:3 | Killed Mara
 83591 | Depths:4 | Reached skill level 23 in Dodging
 83849 | Depths:4 | Reached skill level 10 in Summonings
 84288 | Depths:4 | Found a transporter.
 84294 | Depths:4 | Found a viscous altar of Jiyva.
 84464 | Depths:3 | Found a runed door.
 85180 | Depths:4 | Reached skill level 24 in Dodging
 85485 | Depths:4 | Found a one-way gate to the infinite horrors of the Abyss.
 85486 | Depths:4 | Found a corrupted altar of Lugonu.
 85824 | Depths:5 | Entered Level 5 of the Depths
 85970 | Depths:5 | Found a shattered altar of Ashenzari.
 86023 | Depths:5 | Noticed a golden dragon
 86191 | Depths:5 | Noticed a juggernaut
 86551 | Depths:4 | Killed a juggernaut
 86664 | Depths:5 | Killed a golden dragon
 86664 | Depths:5 | Reached XP level 22. HP: 125/125 MP: 41/41
 87406 | Depths:5 | Reached skill level 25 in Dodging
 88148 | D:14     | You paid a toll of +3 shadow dragon scales to enter a treasure trove
 88149 | Trove    | Entered a treasure trove
 88171 | Trove    | Identified the Collected Works on Gliding Shape Shifting
 88188 | Trove    | Identified Zaucsaco's Papyrus of the Mutagenic Mountains
 88206 | Trove    | Identified the Disquisition on Flames
 88415 | Depths:5 | Reached skill level 15 in Spellcasting
 89050 | Depths:5 | Found a gate to the Realm of Zot.
 89301 | Depths:3 | Found a runed door.
 89369 | Depths:3 | Noticed a juggernaut
 89945 | D:15     | Learned a level 5 spell: Summon Forest
 90102 | Depths:4 | Voluntarily entered the Abyss.
 90849 | Abyss:3  | Found a blossoming altar of Fedhas.
 91117 | Abyss:3  | Found a corrupted altar of Lugonu.
 91376 | Abyss:3  | Reached skill level 1 in Charms
 91649 | Depths:4 | Escaped the Abyss
 91978 | Orc:2    | Learned a level 1 spell: Apportation
 92313 | Depths:4 | Voluntarily entered the Abyss.
 92472 | Abyss:1  | Found a corrupted altar of Lugonu.
 92473 | Abyss:1  | Noticed an ancient lich
 92738 | Abyss:2  | Found a corrupted altar of Lugonu.
 92850 | Abyss:3  | Found a corrupted altar of Lugonu.
 93175 | Abyss:4  | Found a corrupted altar of Lugonu.
 93180 | Abyss:4  | Found a corrupted altar of Lugonu.
 93288 | Abyss:4  | Found a glowing golden altar of the Shining One.
 93427 | Abyss:4  | Noticed a juggernaut
 93429 | Abyss:4  | Got an abyssal rune of Zot
 93430 | Abyss:4  | Found a glowing golden altar of the Shining One.
 93447 | Abyss:4  | Found a corrupted altar of Lugonu.
 93455 | Abyss:4  | Found a corrupted altar of Lugonu.
 93474 | Abyss:4  | Found a corrupted altar of Lugonu.
 93583 | Depths:4 | Escaped the Abyss
 93664 | Zot:1    | Entered Level 1 of the Realm of Zot
 93664 | Zot:1    | Noticed a golden dragon
 93668 | Zot:1    | Killed a golden dragon
 93997 | Elf:3    | Bought a smoking lapis lazuli ring for 185 gold pieces
 93997 | Elf:3    | Identified the ring "Nenuenwisut" {rN+ MR- Dex+6} (You bought it in a shop on level 3 of the Elven Halls)
 94116 | Elf:3    | Bought the ring "Wibioq" {Ice rElec rPois} for 820 gold pieces
 94337 | Orc:2    | Bought a scroll of enchant armour for 105 gold pieces
 95609 | Zot:1    | Reached XP level 23. HP: 122/133 MP: 43/43
 95970 | Zot:1    | Learned a level 1 spell: Summon Butterflies
 95997 | Zot:2    | Reached skill level 26 in Dodging
 96022 | Zot:2    | Noticed an orb of fire
 96050 | Zot:2    | Killed an orb of fire
 96827 | Zot:2    | Noticed an orb of fire
 96869 | Zot:2    | Killed an orb of fire
 96869 | Zot:2    | Reached skill level 5 in Charms
 97619 | D:13     | Bought the amulet of Uwiqod {Reflect rC+ MP+9 SH+6} for 1736 gold pieces
 97920 | Zot:3    | Reached skill level 1 in Translocations
 99815 | Zot:4    | Noticed a curse toe
100229 | Zot:4    | Killed a curse toe
100533 | Zot:4    | Reached skill level 27 in Dodging
100801 | Zot:4    | Reached skill level 1 in Necromancy
100801 | Zot:4    | Reached XP level 24. HP: 133/140 MP: 43/43
101413 | Vaults:3 | Bought 3 scrolls of fog for 162 gold pieces
101769 | Zot:5    | Entered Level 5 of the Realm of Zot
102618 | Zot:5    | Noticed an ancient lich
102776 | Zot:5    | Killed an ancient lich
103588 | Zot:5    | Noticed an orb of fire
103628 | Zot:5    | Killed an orb of fire
104237 | Zot:5    | Noticed an ancient lich
104261 | Zot:5    | Killed an ancient lich
104360 | Zot:5    | Got the Orb of Zot
104558 | Depths:5 | Noticed Sidel the pandemonium lord
104760 | D:9      | Noticed Akkeaw the pandemonium lord
104958 | D:$      | Escaped with the Orb!

Skill      XL: |  1  2  3  4  5  6  7  8  9 10 11 12 13 14 15 16 17 18 19 20 21 22 23 24 |
---------------+-------------------------------------------------------------------------+-----
Earth Magic    | 3 4 5 7 8 9 10 | 10.0
Spellcasting   | 3 4 5 6 7 8 11 13 14 15 | 15.0
Stealth        | 4 5 6 8 10 11 14 15 | 15.0
Dodging        | 4 5 6 7 9 12 13 14 16 18 20 21 24 25 27 | 27.0
Transmutations | 4 5 6 7 |  7.0
Fighting       | 2 4 6 7 9 10 12 13 14 15 16 17 19 21 | 21.1
Evocations     | 6 7 8 9 11 | 11.0
Shields        | 5 7 |  7.2
Short Blades   | 4 5 9 10 | 10.0
Hexes          | 5 13 | 13.0
Polearms       | 4 9 12 | 12.0
Summonings     | 3 7 10 11 | 11.0
Charms         | 4 6 |  6.0
Translocations | 4 |  4.0
Necromancy     | 1 3 |  3.0

Action                   |  1- 3 |  4- 6 |  7- 9 | 10-12 | 13-15 | 16-18 | 19-21 | 22-24 || total
-------------------------+-------+-------+-------+-------+-------+-------+-------+-------++-------
Melee: Dagger            |   258 |   364 |   540 |  1018 |  2307 |    73 |       |       ||  4560
       Hand axe          |       |     3 |       |       |       |       |       |       ||     3
       Rapier            |       |       |       |    12 |    21 |   138 |       |       ||   171
       Knife             |       |       |       |       |   185 |  2047 |  1300 |   179 ||  3711
       Lance             |       |       |       |       |       |   160 |   666 |  1226 ||  2052
 Fire: Blowgun           |       |    23 |    23 |       |    11 |       |       |       ||    57
Throw: Stone             |       |       |       |       |     4 |       |       |       ||     4
       Throwing net      |       |       |       |       |       |       |       |     1 ||     1
 Cast: Sandblast         |    29 |    26 |    10 |    21 |    53 |     7 |       |       ||   146
       Passwall          |     1 |     3 |       |     6 |    17 |    18 |    16 |    30 ||    91
       Stone Arrow       |       |    24 |    22 |    17 |    62 |   127 |    20 |       ||   272
       Petrify           |       |       |     4 |    62 |   199 |   483 |   408 |    46 ||  1202
       Lee's Rapid Decon |       |       |       |     3 |    33 |    12 |       |    10 ||    58
       Invisibility      |       |       |       |       |     3 |    16 |    12 |     8 ||    39
       Silence           |       |       |       |       |       |     4 |    16 |     2 ||    22
       Regeneration      |       |       |       |       |       |     5 |     5 |    39 ||    49
       Yara's Violent Un |       |       |       |       |       |     3 |     2 |     4 ||     9
       Spectral Weapon   |       |       |       |       |       |     2 |    47 |    83 ||   132
       Shadow Creatures  |       |       |       |       |       |       |    23 |    65 ||    88
       Summon Mana Viper |       |       |       |       |       |       |     1 |     9 ||    10
       Apportation       |       |       |       |       |       |       |       |     8 ||     8
       Summon Forest     |       |       |       |       |       |       |       |     3 ||     3
Invok: Sacrifice Durabil |       |       |     1 |       |       |       |       |       ||     1
       Sacrifice Health  |       |       |       |     1 |     1 |       |       |       ||     2
       Sacrifice an Eye  |       |       |       |     1 |       |       |       |       ||     1
       Power Leap        |       |       |       |     1 |     3 |     2 |     1 |     4 ||    11
       Reject Sacrifices |       |       |       |     1 |       |       |       |       ||     1
       Draw Out Power    |       |       |       |       |     4 |     1 |       |     5 ||    10
       Sacrifice Purity  |       |       |       |       |     1 |       |       |       ||     1
       Apocalypse        |       |       |       |       |     1 |     2 |     3 |     3 ||     9
 Abil: Evoke Flight      |       |       |       |     1 |       |       |     2 |     2 ||     5
       Evoke Invisibilit |       |       |       |     2 |     1 |     1 |       |       ||     4
Evoke: Wand              |       |       |     1 |     6 |    16 |    16 |    10 |     4 ||    53
       Box of beasts     |       |       |       |       |     3 |       |       |       ||     3
       Lamp of fire      |       |       |       |       |       |     6 |     4 |     1 ||    11
  Use: Scroll            |     2 |     1 |     2 |    22 |     9 |    10 |    12 |    28 ||    86
       Potion            |       |       |       |       |       |       |     3 |     8 ||    11
 Stab: Sleeping          |    13 |     8 |    14 |    29 |    37 |    55 |    22 |    19 ||   197
       Distracted        |       |       |     3 |     2 |    19 |    20 |    16 |    42 ||   102
       Petrified         |       |       |     7 |    72 |   126 |   175 |   131 |    32 ||   543
       Invisible         |       |       |       |     4 |    41 |   110 |   125 |    65 ||   345
       Petrifying        |       |       |       |     2 |    38 |   169 |   191 |    19 ||   419
       Paralysed         |       |       |       |       |    16 |     6 |     2 |     4 ||    28
  Eat: Ration            |       |     4 |     4 |     9 |    25 |    19 |    15 |    20 ||    96
Armor: Robe              |    30 |    29 |    40 |       |       |       |       |       ||    99
       Troll leather arm |       |       |    15 |   108 |   107 |       |       |       ||   230
       Steam dragon scal |       |       |       |       |    13 |    62 |    51 |    55 ||   181
Dodge: Dodged            |   252 |   368 |   533 |   883 |  1419 |  1569 |   931 |   511 ||  6466
Block: Buckler           |       |       |       |   230 |   691 |   559 |   372 |   225 ||  2077
       Reflection        |       |       |       |       |       |       |    10 |     1 ||    11
